 Dungeon Crawl Stone Soup version 0.28.0-1-gb440e238dd (webtiles) character file.

Game seed: 10231705394069881029

155 PoweredByGinger the Chopper (level 5, 0/45 HPs)
             Began as a Minotaur Fighter on Feb 20, 2022.
             Slain by an iguana (11 damage)
             ... on level 4 of the Dungeon.
             The game lasted 00:03:07 (2275 turns).

PoweredByGinger the Chopper (Minotaur Fighter)      Turns: 2275, Time: 00:03:07

Health: 0/45       AC:  8    Str: 22    XL:     5   Next: 14%
Magic:  4/4        EV:  9    Int:  5    God:
Gold:   82         SH:  5    Dex: 10    Spells: 4/4 levels left

rFire   . . .      SeeInvis .   a - +0 war axe
rCold   . . .      Faith    .   (no shield)
rNeg    . . .      Spirit   .   b - +0 scale mail
rPois   .          Reflect  +   (helmet restricted)
rElec   .          Harm     .   (no cloak)
rCorr   .          Rampage  .   v - +0 pair of gloves
Will    .....                   (no boots)
Stlth   ..........              o - amulet of reflection
HPRegen 0.15/turn               (no ring)
MPRegen 0.09/turn               (no ring)

@: no status effects
A: horns 2, retaliatory headbutt
a: no special abilities


You were on level 4 of the Dungeon.
You visited 1 branch of the dungeon, and saw 4 of its levels.

You collected 162 gold pieces.
You spent 80 gold pieces at shops.

Inventory:

Hand Weapons
 a - a +0 war axe (weapon)
 g - a +2 whip of freezing
Missiles
 f - 3 javelins (quivered)
 k - 8 poisoned darts
 m - 75 arrows
 u - a throwing net
Armour
 b - a +0 scale mail (worn)
 c - a +0 buckler
 v - a +0 pair of gloves (worn)
Jewellery
 o - an amulet of reflection (around neck)
Scrolls
 e - a scroll of enchant weapon {unknown}
 i - a scroll of summoning {unknown}
 j - 3 scrolls of teleportation
 l - a scroll of magic mapping {unknown}
 q - a scroll of vulnerability {unknown}
 w - 4 scrolls of fear {unknown}
 x - a scroll of noise {unknown}
 y - a scroll of blinking {unknown}
Potions
 d - a potion of might
 h - a potion of berserk rage
 n - 2 potions of invisibility {unknown}
 p - 2 potions of cancellation {unknown}
 r - a potion of heal wounds {unknown}
 s - 2 potions of attraction
 t - a potion of curing {unknown}


   Skills:
 - Level 3.6 Fighting
 + Level 5.4 Axes
 - Level 3.6 Armour
 - Level 5.0 Shields


You had 4 spell levels left.
You didn't know any spells.
Your spell library contained the following spells:

 Spells                   Type           Power      Damage    Failure   Level
 Apportation              Tloc           0%         N/A       80%         1
 Ignite Poison            Fire/Tmut/Pois 0%         N/A       99%         3
 Mephitic Cloud           Conj/Pois/Air  0%         N/A       99%         3
 Alistair's Intoxication  Tmut/Pois      0%         N/A       100%        5
 Freezing Cloud           Conj/Ice/Air   0%         6-21      100%        5


Dungeon Overview and Level Annotations

Branches:
Dungeon (4/15)
 Temple: D:4-7

Altars:
Kikubaaqudgha
Vehumet

Shops:
D:2 ?


Innate Abilities, Weirdness & Mutations

You have a pair of horns on your head.
You reflexively headbutt those who attack you in melee.


Message History

You close the door.
You hear a slurping noise.
The jelly eats the door!
You slash the jelly! The acid corrodes you!
Your hands burn!
The jelly is heavily wounded.
The jelly hits you. The acid corrodes you!
You are splashed with acid!
Unknown command.
There is an open gate here.
Things that are here:
a +2 short sword of flaming; 3 stones
Things that are here:
a +0 dagger; 4 stones
Things that are here:
a +0 dagger; 2 stones The jelly jiggles.
The jelly barely misses you.
You are no longer corroded.
The jelly hits you.
You are splashed with acid!
* * * LOW HITPOINT WARNING * * *
There is an open door here.
There is a stone staircase leading down here.
The jelly jiggles.
You climb downwards.
The iguana hisses angrily.
There is a stone staircase leading up here.
An iguana is nearby!
Found a leather armour.
You open the door.
An iguana comes into view.
The iguana hisses angrily.
The iguana moves out of view.
Found a scroll labelled KAOZXUNIECS.
There is an open door here.
The iguana barely misses you. You furiously retaliate!
You headbutt the iguana!
You close the door.
The iguana bites you.
* * * LOW HITPOINT WARNING * * *
You closely miss the iguana.
The iguana is heavily wounded.
The iguana bites you!
You die...

#.# #.# #.#
#######+####.#
.[.........#<#
...........l.#
...........#.#
######+####.#
#.@.# #.#
#..l..##.#
#.......#l#
#.......#.#
#...?...#..
##.....##
##...## #####


You could see an iguana.

Vanquished Creatures
  A jelly (D:3)
  Jessica (D:2)
  An adder (D:3)
  A worm (D:2)
  A bat zombie (D:3)
  11 endoplasms
  A giant cockroach (D:1)
  7 hobgoblins
  4 jackals (D:2)
  16 kobolds
  3 quokkas (D:1)
  5 ball pythons
  11 bats
  2 frilled lizards
  8 goblins
  6 rats
  A rat zombie (D:3)
80 creatures vanquished.

Vanquished Creatures (others)
  A fungus (D:3)
  12 toadstools (D:3)
13 creatures vanquished.

Grand Total: 93 creatures vanquished

Notes
Turn   | Place    | Note
-------+----------+-------------------------------------------
     0 | D:1      | PoweredByGinger the Minotaur Fighter began the quest for
                  | the Orb.
     0 | D:1      | Reached XP level 1. HP: 19/19 MP: 0/0
   192 | D:1      | Reached XP level 2. HP: 24/26 MP: 1/1
   520 | D:1      | Reached XP level 3. HP: 23/31 MP: 2/2
   595 | D:1      | Found a faded altar of an unknown god.
  1156 | D:2      | Noticed Jessica
  1163 | D:2      | Killed Jessica
  1164 | D:2      | Reached XP level 4. HP: 39/39 MP: 3/3
  1263 | D:2      | Reached skill level 5 in Shields
  1402 | D:2      | Found Itabol's Magic Scroll Shop.
  1408 | D:2      | Bought a scroll of teleportation for 30 gold pieces
  1408 | D:2      | Bought a scroll of identify for 20 gold pieces
  1408 | D:2      | Bought a scroll of teleportation for 30 gold pieces
  1820 | D:3      | Found a faded altar of an unknown god.
  1823 | D:3      | Found a radiant altar of Vehumet.
  1970 | D:3      | Found an ancient bone altar of Kikubaaqudgha.
  2065 | D:3      | Reached skill level 5 in Axes
  2213 | D:3      | Reached XP level 5. HP: 26/45 MP: 4/4
  2275 | D:4      | Slain by an iguana

Illustrated notes

Levels and vault maps discovered:
D:1:      dpeg_arrival_arbitrary_b, layout_rooms, basic_ecumenical_altar
D:2:      layout_basic, serial_shops, shop, nicolae_elevator_lobby_asterisk,
          uniq_jessica
D:3:      cheibrodos_fertilizer, layout_basic,
          lemuel_zombie_altar_kikubaaqudgha, nicolae_overflow_ecumenical_swirl
D:4:      kennysheep_six_static_rooms, layout_basic

Skill      XL: |  1  2  3  4 |
---------------+-------------+-----
Shields        | 4 5 |  5.0
Axes           | 3 4 5 |  5.4
Fighting       | |  3.6
Armour         | |  3.6

Action                   |  1- 3 |  4- 6 || total
-------------------------+-------+-------++-------
Melee: War axe           |    85 |    75 ||   160
       Headbutt          |     8 |     5 ||    13
       Punch             |       |     1 ||     1
  Use: Scroll            |       |     2 ||     2
Armor: Scale mail        |    42 |    40 ||    82
Dodge: Dodged            |    36 |    37 ||    73
Block: Buckler           |    26 |    10 ||    36
       Other             |       |    21 ||    21
       Reflection        |       |     1 ||     1
